 Dungeon Crawl Stone Soup version 0.24-b1 (webtiles) character file.

Game seed: 9188071788118426005, levelgen mode: deterministic

1412 Conn the Sneak (level 8, 0/51 HPs)
             Began as an Octopode Fire Elementalist on Oct 13, 2019.
             Succumbed to a killer bee's poison
             ... on level 6 of the Dungeon.
             The game lasted 00:24:37 (6693 turns).

Conn the Sneak (Octopode Fire Elementalist)         Turns: 6693, Time: 00:24:38

Health: 0/51       AC:  1    Str:  7    XL:     8   Next: 70%
Magic:  0/17       EV: 20    Int: 23    God:
Gold:   263        SH:  5    Dex: 17    Spells: 6/17 levels left

rFire    . . .     SeeInvis +   p - +1 dagger (drain)
rCold    . . .     Gourm    .   (no shield)
rNeg     . . .     Faith    .   (helmet restricted)
rPois    .         Spirit   .   h - +5 amulet of reflection
rElec    .         Reflect  +   q - +3 ring of intelligence
rCorr    .         Harm     .   w - ring of stealth
MR       .....                  (no ring)
Stlth    ++++++....             (no ring)
HPRegen  0.17/turn              (no ring)
MPRegen  0.15/turn              (no ring)
                                (no ring)
                                (no ring)

@: agile, lethally poisoned (0 -> -1), flying, very slightly contaminated
A: almost no armour, stealthy swim, amphibious, 8 rings, constrict 8, camouflage
1, see invisible, blink, high mp 1, wild magic 1, gelatinous body 1
a: Blink


You were on level 6 of the Dungeon.
You were hungry.

You visited 2 branches of the dungeon, and saw 7 of its levels.
You also visited: Sewer.

You collected 263 gold pieces.

Inventory:

Hand Weapons
 a - a +0 dagger
 f - a +0 longbow
 l - a +0 short sword
 p - a +1 dagger of draining (weapon)
 v - a +3 quarterstaff of chaos
Missiles
 g - 8 boomerangs (quivered)
 i - 29 arrows
 k - 12 poisoned darts
 D - 2 throwing nets
Jewellery
 h - a +5 amulet of reflection (around mantle)
 q - a +3 ring of intelligence (left tentacle)
 w - a ring of stealth (right tentacle)
Wands
 c - a wand of flame (28)
 y - a wand of polymorph (3)
 E - a wand of digging (4)
Scrolls
 d - 2 scrolls of enchant armour
 e - 7 scrolls of identify
 j - a scroll of magic mapping {unknown}
 n - 3 scrolls of teleportation
 o - a scroll of random uselessness {unknown}
 r - 3 scrolls of remove curse {unknown}
 s - 2 scrolls of blinking {unknown}
 t - a scroll of immolation
 x - 2 scrolls of amnesia {unknown}
 C - a scroll of noise {unknown}
Potions
 m - 3 potions of brilliance
Comestibles
 b - 6 rations
 B - 6 chunks of flesh


   Skills:
 + Level 2.7 Fighting
 + Level 2.8 Short Blades
 + Level 0.1 Throwing
 + Level 3.8 Dodging
 - Level 6.5 Stealth
 * Level 5.0 Spellcasting
 * Level 4.0 Conjurations
 + Level 0.1 Hexes
 + Level 5.0 Fire Magic


You had 6 spell levels left.
You knew the following spells:

 Your Spells              Type           Power        Failure   Level  Hunger
a - Flame Tongue          Conj/Fire      ####.        3%          1    None
b - Conjure Flame         Conj/Fire      ####....     7%          3    ##.....
c - Inner Flame           Hex/Fire       ###.....     14%         3    ##.....
d - Sticky Flame          Conj/Fire      ####....     21%         4    ####...

Your spell library contained the following spells:

 Spells                   Type           Power        Failure   Level  Hunger
 Throw Flame              Conj/Fire      ####..       4%          2    None
 Fireball                 Conj/Fire      ####......   47%         5    #####..


Dungeon Overview and Level Annotations

Branches:
Dungeon (6/15)             Temple (1/1) D:5           Sewer (visited)

Altars:
Ashenzari
Cheibriados
Elyvilon
Fedhas
Hepliaklqana
Makhleb
Okawaru
Qazlal
Ru
Trog
Uskayaw
Vehumet
Wu Jian
Xom
Yredelemnul
Zin


Innate Abilities, Weirdness & Mutations

You cannot wear most types of armour.
You are very stealthy in the water. (Stealth+)
You are amphibious.
You can wear up to eight rings at the same time.
You can use your tentacles to constrict eight enemies at once.
Your skin changes colour to match your surroundings (Stealth+).
Your rubbery body absorbs attacks. (AC +1, EV +1)
You have supernaturally acute eyesight. (SInv)
You can translocate small distances at will.
You have an increased reservoir of magic. (+10% MP)
Your spells are a little harder to cast, but a little more powerful.


Message History

You feel sick.
Casting: Flame Tongue (safe; 3% risk of failure)
Confirm with . or Enter, or press ? or * to list all spells.
Aiming: Flame Tongue (safe; 3% risk of failure)
Press: ? - help, Shift-Dir - straight line, f/p - worker ant
Aim: a worker ant The flame tongue hits the worker ant!
The worker ant is severely wounded.
Casting: Flame Tongue (safe; 3% risk of failure)
Confirm with . or Enter, or press ? or * to list all spells.
Aiming: Flame Tongue (safe; 3% risk of failure)
Press: ? - help, Shift-Dir - straight line, f/p - worker ant
Aim: a worker ant (severely wounded)
The flame tongue hits the worker ant!
You kill the worker ant!
Your Conjurations skill increases to level 4!
There is a lethal amount of poison in your body!
Okay, then.
You feel agile all of a sudden.
You die...

#...[..##.#
#a....##..#
#....##...#
#...##....# . #
#..##....a#
..######......#
..#...#.......#
#._.#######.#
+...#.@.....#
#####(......# #
##......#
##....## ##...#
### ##(.# .$.
##.# # ### #


There were no monsters in sight!

Vanquished Creatures
  A black bear (D:6)
  5 bullfrogs
  2 killer bees (D:6)
  A crimson imp (D:5)
  A centaur zombie (D:6)
  A gnoll shaman (D:4)
  An orc wizard (D:5)
  Crazy Yiuf (D:3)
  A centaur skeleton (D:5)
  Jessica (D:2)
  An iguana (D:5)
  Terence (D:2)
  Natasha (thrice) (D:4)
  7 worker ants
  A howler monkey zombie (D:5)
  7 gnolls (D:4)
  12 adders
  A river rat (D:3)
  13 oozes
  5 worms
  4 dart slugs
  11 leopard geckos
  3 orcs
  9 giant cockroaches
  6 hobgoblins
  10 jackals
  4 quokkas
  13 ball pythons
  8 bats
  19 frilled lizards
  8 goblins
  8 kobolds
  A leopard gecko skeleton (D:6)
  15 rats
185 creatures vanquished.

Notes
Turn   | Place    | Note
-------+----------+-------------------------------------------
     0 | D:1      | Conn the Octopode Fire Elementalist began the quest for the
                  | Orb.
     0 | D:1      | Reached XP level 1. HP: 11/11 MP: 3/3
   220 | D:1      | Reached XP level 2. HP: 17/17 MP: 1/5
   553 | D:1      | Reached skill level 3 in Stealth
   579 | D:1      | Reached XP level 3. HP: 21/21 MP: 6/6
   589 | D:1      | Learned a level 3 spell: Conjure Flame
  1096 | D:2      | Noticed Jessica
  1106 | D:2      | Killed Jessica
  1106 | D:2      | Reached skill level 4 in Stealth
  1106 | D:2      | Reached XP level 4. HP: 6/27 MP: 7/7
  1378 | D:2      | Found a white marble altar of Elyvilon.
  1378 | D:2      | Found a hide-covered altar of Uskayaw.
  1424 | D:2      | Found an ornate altar of the Wu Jian Council.
  1668 | D:2      | Noticed Terence
  1697 | D:2      | Killed Terence
  1697 | D:2      | Reached skill level 1 in Short Blades
  1697 | D:2      | Reached XP level 5. HP: 29/32 MP: 8/8
  1865 | D:2      | Reached skill level 1 in Fighting
  2798 | D:3      | Found a glowing drain.
  2803 | Sewer    | Entered a sewer
  2811 | Sewer    | Reached skill level 5 in Stealth
  3034 | Sewer    | Reached XP level 6. HP: 32/38 MP: 6/9
  3545 | Sewer    | Learned a level 3 spell: Inner Flame
  3630 | Sewer    | Reached skill level 6 in Stealth
  3630 | Sewer    | Reached XP level 7. HP: 24/44 MP: 1/11
  4065 | D:3      | Found a runed translucent door.
  4066 | D:3      | Noticed Crazy Yiuf
  4076 | D:3      | Killed Crazy Yiuf
  4321 | D:4      | Noticed Natasha
  4331 | D:4      | Killed Natasha
  4349 | D:4      | Noticed Natasha
  4357 | D:4      | Killed Natasha
  4469 | D:5      | Entered Level 5 of the Dungeon
  4837 | D:4      | Noticed Natasha
  4916 | D:4      | Killed Natasha
  5054 | D:4      | Found a glowing silver altar of Zin.
  5344 | D:5      | Learned a level 4 spell: Sticky Flame
  5421 | D:5      | Reached XP level 8. HP: 37/50 MP: 14/14
  5810 | D:5      | Found a burning altar of Makhleb.
  5811 | D:5      | Noticed a balrug
  5965 | D:5      | Found a staircase to the Ecumenical Temple.
  5974 | Temple   | Entered the Ecumenical Temple
  6503 | D:6      | Found an iron altar of Okawaru.
  6651 | D:6      | Gained mutation: You have an increased reservoir of magic.
                  | (+10% MP) [potion of mutation]
  6651 | D:6      | Gained mutation: You can translocate small distances at
                  | will. [potion of mutation]
  6651 | D:6      | Gained mutation: You have supernaturally acute eyesight.
                  | (SInv) [potion of mutation]
  6651 | D:6      | Gained mutation: Your spells are a little harder to cast,
                  | but a little more powerful. [potion of mutation]
  6665 | D:6      | Reached skill level 5 in Spellcasting
  6665 | D:6      | Reached skill level 5 in Fire Magic
  6668 | D:6      | HP: 2/51 [poisoned by a killer bee]
  6677 | D:6      | HP: 1/51 [poisoned by a killer bee]
  6683 | D:6      | HP: 1/51 [poisoned by a killer bee]
  6684 | D:6      | Found a shattered altar of Ashenzari.
  6689 | D:6      | HP: 1/51 [poisoned by a killer bee]
  6693 | D:6      | Succumbed to a killer bee's poison

Skill      XL: |  1  2  3  4  5  6  7  8 |
---------------+-------------------------+-----
Stealth        | 3 4 5 6 |  6.5
Short Blades   | 1 2 |  2.8
Fighting       | 1 2 |  2.7
Spellcasting   | 3 4 5 |  5.0
Conjurations   | 2 4 |  4.0
Fire Magic     | 4 5 |  5.0
Dodging        | 3 |  3.8
Throwing       | |  0.1
Hexes          | |  0.1

Action                   |  1- 3 |  4- 6 |  7- 9 || total
-------------------------+-------+-------+-------++-------
Melee: Dagger            |    25 |    36 |   115 ||   176
       Constrict         |    10 |    25 |    24 ||    59
       Tentacles         |     5 |    12 |    15 ||    32
       Short sword       |    18 |    85 |       ||   103
       Unarmed           |       |       |     2 ||     2
Throw: Boomerang         |       |       |     9 ||     9
 Cast: Flame Tongue      |    15 |    63 |    75 ||   153
       Conjure Flame     |       |       |     4 ||     4
       Inner Flame       |       |       |     1 ||     1
  Use: Potion            |     3 |     1 |     5 ||     9
       Scroll            |     1 |     2 |     1 ||     4
 Stab: Sleeping          |     9 |    14 |     8 ||    31
       Distracted        |       |       |     2 ||     2
  Eat: Chunk             |     1 |     8 |     9 ||    18
Armor: Skin              |     5 |    36 |     2 ||    43
Dodge: Dodged            |    34 |    62 |    74 ||   170
Block: Other             |    13 |    28 |    25 ||    66
